 Dungeon Crawl Stone Soup version 0.30.1-4-g462c640d31 (webtiles) character file.

Game seed: 14847576882641170890

247 Azmodeaus the Covered (level 6, 0/47 HPs)
             Began as a Human Fighter on Sept 10, 2023.
             Was an Initiate of Gozag.
             Slain by an orc priest
             ... wielding a +0 flail
              (6 damage)
             ... on level 4 of the Dungeon.
             The game lasted 00:24:05 (7358 turns).

Azmodeaus the Covered (Human Fighter)               Turns: 7358, Time: 00:24:05

Health: 0/47       AC:  7    Str: 16    XL:     6   Next: 34%
Magic:  6/6        EV:  9    Int:  8    God:    Gozag
Gold:   451        SH:  5    Dex: 15    Spells: 5/5 levels left

rFire   . . .        o - +2 short sword (drain)
rCold   . . .        c - +0 buckler
rNeg    . . .        b - +0 scale mail
rPois   .            (no helmet)
rElec   .            (no cloak)
rCorr   .            (no gloves)
SInv    .            (no boots)
Will    .....        (no amulet) Stlth
                     g - ring of flight
HPRegen 0.27/turn    (no ring)
MPRegen 0.10/turn

%: no passive effects
@: flying
A: no striking features
a: Renounce Religion, Potion Petition, Call Merchant, Bribe Branch


You were on level 4 of the Dungeon.
You worshipped Gozag.
Gozag was aware of your devotion.
You visited 1 branch of the dungeon, and saw 4 of its levels.

You collected 501 gold pieces.
You spent 50 gold pieces at shops.

Inventory:

Hand Weapons
 a - a +0 long sword
 k - a +1 dagger of protection
 o - a +2 short sword of draining (weapon)
 q - a +4 whip
Missiles
 e - 9 poisoned darts (quivered)
 j - 38 stones
Armour
 b - a +0 scale mail (worn)
 c - a +0 buckler (worn)
Jewellery
 g - a ring of flight (left hand)
Scrolls
 i - a scroll of identify
 n - a scroll of fog {unknown}
 p - a scroll of magic mapping {unknown}
Potions
 d - 2 potions of might
 f - a potion of resistance {unknown}
 h - 3 potions of lignification
 l - 3 potions of curing


   Skills:
 + Level 3.4 Fighting
 + Level 2.0(2.8) Short Blades
 + Level 3.1(3.4) Long Blades
 + Level 0.8 Throwing
 + Level 4.5 Armour
 + Level 1.1 Dodging
 + Level 0.9 Stealth
 + Level 3.4 Shields


You had 5 spell levels left.
You didn't know any spells.
Your spell library contained the following spells:

 Spells                   Type           Power      Damage    Failure   Level
 Lesser Beckoning         Tloc           0%         N/A       96%         2
 Gell's Gravitas          Tloc           0%         N/A       99%         3
 Teleport Other           Tloc           0%         N/A       99%         3


Dungeon Overview and Level Annotations

Branches:
Dungeon (4/15)
 Temple: D:4-7

Altars:
Ashenzari
Cheibriados
Elyvilon
Gozag

Shops:
D:1 (   D:3 (


Message History

The hobgoblin shouts!
You hit the hobgoblin.
You kill the hobgoblin!
You now have 451 gold pieces (gained 21).
i - a scroll of identify
Things that are here:
a +0 flail; a +0 ring mail
Things that are here:
a +0 flail; a +0 ring mail You start resting.
An orc priest is nearby!
An orc priest is nearby!
An orc priest is nearby!
An orc priest is nearby!
An orc priest is nearby!
The orc priest shouts!
The orc priest mumbles some strange prayers to Beogh against you.
Beogh smites you!
The orc priest looks satisfied for a moment.
The orc priest barely misses you.
You hit the orc priest.
The orc priest is heavily wounded.
The orc priest hits you with a +0 flail!
* * * LOW HITPOINT WARNING * * *
You hit the orc priest. You drain the orc priest.
The orc priest is almost dead.
The orc priest hits you but does no damage.
You closely miss the orc priest.
The orc priest is almost dead.
The orc priest invokes the aid of Beogh against you.
Pain shoots through your body!
* * * LOW HITPOINT WARNING * * *
You closely miss the orc priest.
The orc priest is almost dead.
The orc priest closely misses you.
You barely miss the orc priest.
The orc priest is almost dead.
The orc priest hits you with a +0 flail.
You die...
Your body crumbles into a pile of gold.

#####..# #.# #..#
#.##############.
#..#####................
......############.#####
# #.# #.# #. #.# #.#
#..##.# #.#
#.....########## #.#
#..o@.......# #.#
#.#########.# #.# ### #.
#.# #.# #.. #. ##.# #.#
#.# #.########..# #.#
#<# ............# #.#
#.# .....#####..###.#
#.# #.#.# #.....#.# #.#
#.#.# #.###.#.# #.#


You could see an orc priest (very drained).

Vanquished Creatures
  A jelly (D:4)
  2 orc priests (D:4)
  An orc wizard (D:3)
  3 adders (D:2)
  3 worms
  A dart slug (D:3)
  9 orcs
  9 ball pythons
  6 bats
  6 endoplasms
  4 giant cockroaches
  6 goblins
  4 hobgoblins
  3 jackals (D:2)
  12 kobolds
  4 quokkas
  7 frilled lizards
  5 rats
86 creatures vanquished.

Notes
Turn   | Place    | Note
-------+----------+-------------------------------------------
     0 | D:1      | Azmodeaus the Human Fighter began the quest for the Orb.
     0 | D:1      | Reached XP level 1. HP: 18/18 MP: 1/1
   123 | D:1      | Found Mool's Weapon Shoppe.
   160 | D:1      | Reached XP level 2. HP: 22/24 MP: 2/2
  1019 | D:1      | Found a faded altar of an unknown god.
  1066 | D:1      | Prayed at the altar of an unknown god.
  1066 | D:1      | Became a worshipper of Gozag Ym Sagoz the Greedy
  1235 | D:1      | Reached XP level 3. HP: 18/29 MP: 3/3
  3127 | D:2      | Reached XP level 4. HP: 14/35 MP: 4/4
  4543 | D:3      | Found a white marble altar of Elyvilon.
  4842 | D:3      | Found Wairamug's Weapon Emporium.
  4867 | D:3      | Reached XP level 5. HP: 41/41 MP: 5/5
  5340 | D:3      | Bought 6 poisoned darts for 50 gold pieces
  5389 | D:3      | Found a broken altar of Ashenzari.
  5522 | D:3      | Reached skill level 1 in Dodging
  5995 | D:3      | Reached skill level 4 in Armour
  6721 | D:4      | Reached skill level 1 in Short Blades
  6737 | D:4      | Found a snail-covered altar of Cheibriados.
  6752 | D:4      | Reached XP level 6. HP: 33/47 MP: 6/6
  7358 | D:4      | Slain by an orc priest

Illustrated notes

Levels and vault maps discovered:
D:1:      minmay_arrival_split_and_join, layout_loops_cross, serial_shops,
          nicolae_shop_bloodbath_and_beyond, chequers_ecumenical_altar_simple,
          st_stairs_2
D:2:      layout_basic, kennysheep_cross_room
D:3:      layout_basic, lemuel_crystal_altar, ashenzari_altar_1, serial_shops,
          shop
D:4:      layout_loops_ring, slow_altar_1, serial_shops, nicolae_shop_peninsula,
          minmay_joined_circles

Skill      XL: |  1  2  3  4  5  6 |
---------------+-------------------+-----
Long Blades    | 3 |  3.1
Dodging        | 1 |  1.1
Armour         | 4 |  4.5
Short Blades   | 1 2 |  2.0
Fighting       | |  3.4
Throwing       | |  0.8
Stealth        | |  0.9
Shields        | |  3.4

Action                     |  1- 3 |  4- 6 || total
---------------------------+-------+-------++-------
  Melee: Long sword        |   108 |    36 ||   144
         Short sword       |       |   174 ||   174
  Throw: Dart              |       |    28 ||    28
    Use: Scroll            |     3 |     6 ||     9
         Potion            |       |     2 ||     2
 Armour: Scale mail        |    71 |    70 ||   141
  Dodge: Dodged            |    63 |    79 ||   142
  Block: Buckler           |    30 |    45 ||    75
